 Dungeon Crawl Stone Soup version 0.21.0-3-g78d12a8 (webtiles) character file.

204 namelastname112 the Skirmisher (level 5, 0/50 HPs)
             Began as a Draconian Wanderer on Jan 8, 2018.
             Slain by a ball python (1 damage)
             ... in a sewer.
             The game lasted 00:04:44 (2683 turns).

namelastname112 the Skirmisher (Draconian Wanderer) Turns: 2683, Time: 00:04:45

Health: 0/50       AC:  5    Str: 18    XL:     5   Next: 52%
Magic:  0/6        EV:  9    Int: 11    God:
Gold:   86         SH:  0    Dex:  9    Spells: 4/6 levels left

rFire    + . .     SeeInvis .   g - +3 spear
rCold    . . .     Gourm    .   (no shield)
rNeg     . . .     Faith    .   (armour unavailable)
rPois    .         Spirit   .   (helmet restricted)
rElec    .         Reflect  .   n - scarf {repulsion}
rCorr    .         Harm     .   (no gloves)
MR       .....                  (no boots)
Stlth    +.........             (no amulet)
HPRegen  0.16/turn              h - ring of protection from fire
MPRegen  0.10/turn              (no ring)

@: constricted, repel missiles, very slow
A: unfitting armour, cold-blooded, AC +5
a: no special abilities


You were in a sewer.
You were hungry.

You visited 1 branch of the dungeon, and saw 3 of its levels.
You also visited: Sewer.

You collected 86 gold pieces.

Inventory:

Hand Weapons
 c - a +0 shortbow
 g - a +3 spear (weapon)
Missiles
 d - 58 arrows
Armour
 n - a scarf of repulsion (worn)
Jewellery
 h - a ring of protection from fire (left hand)
Scrolls
 e - 5 scrolls of identify
 k - 5 scrolls of remove curse
 m - a scroll of magic mapping
Books
 a - a book of Spatial Translocations

   Spells                             Type                      Level
   a - Blink                          Translocation                2
   b - Shroud of Golubria             Charms/Translocation         2
   c - Lesser Beckoning               Translocation                3
   d - Gell's Gravitas                Translocation                3
   e - Teleport Other                 Translocation                3
   f - Passage of Golubria            Translocation                4
 b - Iliosaud's Catalogue of the Birds

   Spells                             Type                      Level
   a - Shock                          Conjuration/Air              1
   b - Static Discharge               Conjuration/Air              3
Comestibles
 f - 6 rations
 l - a chunk of flesh


   Skills:
 + Level 5.9 Fighting
 - Level 2.0 Bows
 - Level 1.0 Throwing
 + Level 3.0 Dodging
   Level 1.0 Shields
 - Level 1.0 Spellcasting
 - Level 2.0 Translocations


You had 4 spell levels left.
You knew the following spells:

 Your Spells              Type           Power        Failure   Level  Hunger
e - Blink                 Tloc           N/A          22%         2    ###....


Dungeon Overview and Level Annotations

Branches:
Dungeon (3/15)

Altars:

Annotations:
D:3 p0werm0de's ghost, weakling OpTm


Innate Abilities, Weirdness & Mutations

Your plain brown scales are hard. (AC +5)
You cannot fit into any form of body armour.
You are cold-blooded and may be slowed by cold attacks.


Message History

You don't know that spell.
You escape the ball python's grasp.
The ball python barely misses you. x2
The river rat bites you.
* * * LOW HITPOINT WARNING * * *
The ball python bites you but does no damage.
The ball python misses you.
You take 5 damage, and have 4/50 hp.
You closely miss the adder. The adder misses you.
The ball python bites you but does no damage.
The ball python completely misses you. The river rat misses you.
The river rat bites you.
* * * LOW HITPOINT WARNING * * *
You take 1 damage, and have 3/50 hp.
The adder bites you.
* * * LOW HITPOINT WARNING * * *
The ball python closely misses you. The ball python grabs you.
* * * LOW HITPOINT WARNING * * *
The ball python constricts you. The adder barely misses you.
The ball python bites you.
You die...

#...# #...## ##...##
#....##################
#......§≈≈≈≈≈≈≈≈≈≈≈≈≈≈#.#
##....§≈≈≈≈≈≈≈≈≈≈≈≈≈≈≈...
#...§§≈≈≈≈≈≈≈≈≈≈≈≈≈≈≈...
#....§≈≈≈#≈r#≈≈#≈≈≈≈≈≈..
##...≈≈≈#≈≈S@≈≈≈#≈≈≈≈≈..
###.#≈≈%≈≈rS†≈≈≈≈≈≈≈#..
################### .


You could see an adder, 2 river rats and a ball python.

Vanquished Creatures
  An orc wizard (D:3)
  5 adders
  2 river rats (Sewer)
  3 worms
  3 dart slugs
  3 leopard geckos (D:3)
  8 orcs (D:3)
  10 bats
  7 giant cockroaches
  6 goblins
  4 hobgoblins
  12 jackals
  A quokka (D:2)
  2 ball pythons
  A frilled lizard (D:2)
  9 kobolds
  17 rats
94 creatures vanquished.

Notes
Turn   | Place    | Note
-------+----------+-------------------------------------------
     0 | D:1      | namelastname112 the Draconian Wanderer began the quest for the Orb.
     0 | D:1      | namelastname112 set off with: a book of Spatial Translocations, Iliosaud's Catalogue of the Birds, a +0 shortbow, 25 arrows, a ration
     0 | D:1      | Reached XP level 1. HP: 22/22 MP: 2/2
     0 | D:1      | Identified Iliosaud's Catalogue of the Birds
    46 | D:1      | Reached XP level 2. HP: 19/28 MP: 3/3
   237 | D:1      | Learned a level 2 spell: Blink
   330 | D:1      | Reached skill level 1 in Dodging
   359 | D:1      | Reached XP level 3. HP: 34/34 MP: 4/4
  1067 | D:2      | Reached skill level 5 in Fighting
  1234 | D:2      | Reached XP level 4. HP: 36/42 MP: 5/5
  2157 | D:3      | Reached XP level 5. HP: 36/48 MP: 6/6
  2272 | D:3      | Noticed p0werm0de's ghost (weakling OpTm)
  2463 | D:3      | Found a glowing drain.
  2480 | Sewer    | Entered a sewer
  2683 | Sewer    | HP: 2/50 [adder (1)]
  2683 | Sewer    | Slain by a ball python

Skill      XL: |  1  2  3  4  5 |
---------------+----------------+-----
Bows           | 2 |  2.0
Dodging        | 1 2 3 |  3.0
Fighting       | 5 |  5.9
Throwing       | |  1.0
Shields        | |  1.0
Spellcasting   | |  1.0
Translocations | |  2.0

Action                   |  1- 3 |  4- 6 || total
-------------------------+-------+-------++-------
Melee: Spear             |    72 |   222 ||   294
       Tailslap          |     3 |    13 ||    16
 Fire: Shortbow          |    26 |       ||    26
 Cast: Blink             |       |     5 ||     5
  Use: Scroll            |       |     4 ||     4
 Stab: Sleeping          |     1 |     1 ||     2
  Eat: Chunk             |     1 |     5 ||     6
Armor: Skin              |    24 |    82 ||   106
Dodge: Dodged            |    32 |   142 ||   174
